 Dungeon Crawl Stone Soup version 0.22.1-1-ga44c0e5 (webtiles) character file.

62 dohliylev the Sneak (level 3, 0/24 HPs)
             Began as a Vampire Enchanter on Sept 21, 2018.
             Slain by a gnoll
             ... wielding a +0 spear
              (10 damage)
             ... on level 2 of the Dungeon.
             The game lasted 00:05:00 (1782 turns).

dohliylev the Sneak (Vampire Enchanter)             Turns: 1782, Time: 00:05:00

Health: 0/24       AC:  2    Str:  7    XL:     3   Next: 85%
Magic:  1/6        EV: 12    Int: 18    God:
Gold:   75         SH:  0    Dex: 14    Spells: 3/6 levels left

rFire    . . .     SeeInvis +   a - +1 dagger
rCold    . . .     Gourm    .   (no shield)
rNeg     + . .     Faith    .   b - +0 robe
rPois    .         Spirit   .   (no helmet)
rElec    .         Reflect  .   (no cloak)
rCorr    .         Harm     .   (no gloves)
MR       .....     Rnd*Tele +   (no boots)
Stlth    +++.......             (no amulet)
HPRegen  0.08/turn              m - ring of teleportation (curse)
MPRegen  0.10/turn              (no ring)

@: very slightly contaminated
A: fangs 3, see invisible, unbreathing
a: Bat Form


You were on level 2 of the Dungeon.
You were not thirsty.

You visited 1 branch of the dungeon, and saw 2 of its levels.

You collected 75 gold pieces.

Inventory:

Hand Weapons
 a - a +1 dagger (weapon)
Armour
 b - a +0 robe (worn)
Jewellery
 m - a cursed ring of teleportation (left hand)
Scrolls
 f - a scroll of fog {unknown}
 i - a scroll of remove curse {unknown}
 j - a scroll of noise {unknown}
 k - a scroll of blinking {unknown}
 l - a scroll of identify {unknown}
 n - a scroll of teleportation
 o - a scroll of fear {unknown}
Potions
 c - 2 potions of curing {unknown}
 d - 11 potions of blood
 e - 2 potions of flight {unknown}
 g - 2 potions of heal wounds {unknown}
 h - a potion of lignification {unknown}
 p - a potion of haste {unknown}


   Skills:
 + Level 3.0 Short Blades
 + Level 2.1 Dodging
 - Level 6.0 Stealth
 - Level 2.0 Spellcasting
 - Level 4.4 Hexes
 - Level 0.5 Ice Magic


You had 3 spell levels left.
You knew the following spells:

 Your Spells              Type           Power        Failure   Level  Hunger
a - Corona                Hex            ###....      3%          1    #......
b - Ensorcelled Hibernat  Hex/Ice        ##....       10%         2    ###....

Your spell library contained the following spells:

 Spells                   Type           Power        Failure   Level  Hunger
 Confuse                  Hex            ###.....     9%          3    ###....
 Tukima's Dance           Hex            ###.....     9%          3    ###....
 Dazzling Spray           Conj/Hex       #.....       22%         3    ###....


Dungeon Overview and Level Annotations

Branches:
Dungeon (2/15)

Altars:


Innate Abilities, Weirdness & Mutations

You have razor-sharp teeth.
You have supernaturally acute eyesight. (SInv)
You can survive without breathing.


Message History

Aim: a gnoll, wielding a spear
Okay, then.
Casting: Ensorcelled Hibernation (safe; 10% risk of failure)
Confirm with . or Enter, or press ? or * to list all spells.
Aiming: Ensorcelled Hibernation (safe; 10% risk of failure)
Press: ? - help, Shift-Dir - straight line, f - gnoll
Aim: a gnoll, wielding a spear (chance to defeat MR: 50%)
The gnoll resists with some effort.
The gnoll barely misses you.
You hit the gnoll. You bite the gnoll, but do no damage.
The gnoll is lightly wounded.
The gnoll hits you with a spear!
You hit the gnoll.
The gnoll is lightly wounded.
The gnoll hits you with a spear!
The gnoll shouts!
You hit the gnoll.
The gnoll is moderately wounded.
The gnoll hits you with a spear!
You die...

.........#.#.#.# #.#.#####.#
#.####.###.#.#.# #g#.# #.#
#.....#.#.# #.#..
#########......####g#######.
...............#............
.########......#.##.#######.
.#......#......#.g........#
.#.#...........#g#..#####...
.#.#.##........#@#......#
.#.#.##..#####.#.#.#.##.#
.#.#)....# #............#
.#.#.##..# #.#.#.########
.#.......# #...#...
.###.##..###########
......#...........
..#####.#.####.###
..................


You could see 2 gnolls.

Vanquished Creatures
  3 adders (D:2)
  A gnoll (D:2)
  2 ball pythons
  2 giant cockroaches
  2 goblins (D:2)
  4 hobgoblins (D:1)
  5 bats
  3 frilled lizards
  6 kobolds
  2 rats
30 creatures vanquished.

Notes
Turn   | Place    | Note
-------+----------+-------------------------------------------
     0 | D:1      | dohliylev the Vampire Enchanter began the quest for the
                  | Orb.
     0 | D:1      | Reached XP level 1. HP: 13/13 MP: 3/3
   350 | D:1      | Reached skill level 5 in Stealth
   405 | D:1      | You fall through a shaft!
   485 | D:2      | Reached XP level 2. HP: 13/19 MP: 5/5
   489 | D:2      | Learned a level 2 spell: Ensorcelled Hibernation
  1126 | D:2      | Reached XP level 3. HP: 24/24 MP: 3/6
  1168 | D:2      | Found a faded altar of an unknown god.
  1477 | D:2      | Reached skill level 6 in Stealth
  1782 | D:2      | Slain by a gnoll

Skill      XL: |  1  2  3 |
---------------+----------+-----
Stealth        | 5 6 |  6.0
Short Blades   | 2 3 |  3.0
Dodging        | |  2.1
Spellcasting   | |  2.0
Hexes          | |  4.4
Ice Magic      | |  0.5

Action                   || total
-------------------------++-------
Melee: Dagger            ||    73
       Bite              ||     6
 Cast: Ensorcelled Hiber ||     9
  Use: Scroll            ||     1
       Potion            ||     1
 Stab: Sleeping          ||    14
  Eat: Corpse            ||     2
Armor: Robe              ||    15
Dodge: Dodged            ||    39
